 Dungeon Crawl Stone Soup version 0.16-a0-2296-gdce89d5 (webtiles) character file.

369063 thegroundistoosoft the Sensei (level 21, 0/185 HPs)
             Began as a Mummy Monk on Nov 11, 2014.
             Shot with a bolt by a yaktaur (8 damage)
             ... led by a yaktaur captain
             ... on level 4 of the Vaults on Nov 16, 2014.
             The game lasted 07:59:57 (109148 turns).

thegroundistoosoft the Sensei (Mummy Monk)        Turns: 109148, Time: 07:59:57

Health: 0/185      AC: 17    Str: 14    XL:     21   Next: 65%
Magic:  20/20      EV: 30    Int: 12    God:
Gold:   3793       SH:  0    Dex: 21    Spells: 0 memorised, 20 levels left

rFire  . . .     SeeInvis .       - Unarmed
rCold  + . .     Clarity  +     (no armour)
rNeg   + + +     SustAb   .     (no shield)
rPois  +         Gourm    .     o - +2 helmet {Int+3}
rElec  +         Spirit   .     f - +3 cloak of Flash {+Fly EV+4}
rCorr  .         Warding  .     x - +2 pair of gloves
rMut   .         Stasis   .     k - +2 pair of boots {Fly}
MR     +++++                    w - amulet of the Four Winds {Clar rN+ MR+++, no mom it's CEREMONIAL geez of course amulets are for fags!}
Stlth  +++.......               L - ring of Trepidation {+Rage rElec rF+}
                                e - +4 ring of protection

@: flying, very slightly contaminated, almost entirely resistant to hostile
enchantments, fairly stealthy
A: no food or potions, fire vulnerability, in touch with death, restore body,
cold resistance 1, negative energy resistance 3, poison resistance, torment
resistance, unbreathing
a: Self-Restoration, Stop Flying
}: 2/15 runes: serpentine, barnacled


You were on level 4 of the Vaults.
You were not hungry.

You visited 7 branches of the dungeon, and saw 44 of its levels.
You also visited: Labyrinth and Ice Cave.

You collected 5707 gold pieces.
You spent 1914 gold pieces at shops.


Innate Abilities, Weirdness & Mutations

You do not eat or drink.
Your flesh is vulnerable to fire.
You are in touch with the powers of death.
You can restore your body by infusing magical energy.
Your flesh is cold resistant.
You are immune to negative energy.
Your system is resistant to poisons.
You are immune to unholy pain and torment.
You can survive without breathing.


   Skills:
 + Level 20.9 Fighting
 - Level 14.2 Dodging
 - Level 4.4 Stealth
 - Level 22.4 Unarmed Combat


You had 20 spell levels left.
You didn't know any spells.

Inventory:

Missiles
 C - 4 tomahawks of dispersal
Armour
 d - a fire dragon hide {Xtahua}
 f - the +3 cloak of Flash (worn) {+Fly EV+4}
   (You found it on level 1 of the Vaults)

   It affects your evasion (+4).
   It lets you fly.
 k - a +2 pair of boots of flying (worn)
 l - the +1 helmet "Wuteilili" {rC+}
   (You acquired it on level 15 of the Dungeon)

   It protects you from cold.
 o - a +2 helmet of intelligence (worn)
 x - a +2 pair of gloves (worn)
Jewellery
 e - a +4 ring of protection (left hand)
 g - an uncursed ring of protection from fire
 i - an uncursed ring of protection from cold
 w - the amulet of the Four Winds (around neck) {Clar rN+ MR+++, no mom it's CEREMONIAL geez of course amulets are for fags!}
   (You bought it in a shop on level 4 of the Shoals)

   [amulet of clarity]

   It provides mental clarity.
   It protects you from negative energy.
   It affects your resistance to hostile enchantments.
 L - the ring of Trepidation (right hand) {+Rage rElec rF+}
   (You took it off a deep elf priest on level 3 of the Elven Halls)

   [ring of protection from fire]

   It protects you from fire.
   It insulates you from electricity.
   It lets you go berserk.
 P - a +6 ring of dexterity
Scrolls
 a - 10 scrolls of recharging
 b - 20 scrolls of remove curse
 c - 6 scrolls of magic mapping
 j - 6 scrolls of immolation {!r}
 m - 3 scrolls of vulnerability {!r}
 r - 3 scrolls of fog
 s - 5 scrolls of teleportation
 u - 5 scrolls of amnesia
 v - 11 scrolls of identify
 y - 5 scrolls of enchant armour
 z - 3 scrolls of enchant weapon
 A - 4 scrolls of blinking
 B - a scroll of torment
 D - 3 scrolls of fear
 E - 3 scrolls of summoning
 I - a scroll of holy word {!r}
Potions
 q - a potion of porridge
Comestibles
 h - 27 fruits {save for the trove, little mummy}
 n - 3 fruits {the flying lichmummy}
 p - 23 royal jellies {now in amazing technicolor}
 t - 2 slices of pizza (quivered)

Dungeon Overview and Level Annotations

Branches:
Dungeon (15/15)            Temple (0/1) D:4            Lair (8/8) D:9
 Shoals (5/5) Lair:4        Snake (5/5) Lair:5        Slime (0/6) Lair:7
    Orc (4/4) D:9             Elf (3/3) Orc:3        Vaults (4/5) D:14
  Crypt (0/3) Vaults:3     Depths (0/5) D:15

Altars:
Ashenzari
Cheibriados
Dithmenos
Elyvilon
Fedhas
Gozag
Kikubaaqudgha
Makhleb
Nemelex Xobeh
Okawaru
Sif Muna
Yredelemnul
The Shining One
Beogh
Jiyva

Shops:
D:6 :   D:9 (   D:10 [   D:14 %   Orc:1 %   Orc:4 [*=[   Elf:1 ?   Elf:2 *
Shoals:3 *   Shoals:4 ==!   Snake:1 %   Snake:2 =

Portals:
Trove: D:10 (give 2 scrolls of acquirement)

Annotations:
D:3 1 exclusion
D:5 FLAMIN DED, 1 exclusion, Eustachio
D:10 maybe even make an annotiation you dumb fuck also tewarrior holy shitttt
D:13 exclusion: downstairs
D:15 azrael around so yeah good luck
Lair:2 exclusion: hydra
Lair:4 Erica
Shoals:1 exclusion: downstairs
Shoals:2 Asterion
Shoals:3 goddamn update the fucking list
Shoals:4 norris a shit and ded but roka ain't, exclusions: orc warrior, orc wizard, warg and 3 more exclusions, Saint Roka
Elf:2 due to general desire for the ground not to be bedrock tier 6 runes sounds k
Vaults:2 1 exclusion

.# .c
#####'###
#........#
'.....c..#
#p...T...#
#.T......#
#......@.#
#........#
#........#
##########


You could see an ironheart preserver, a yaktaur captain, 2 deep trolls and a
yaktaur.


Message History

The yaktaur shoots a bolt.
The bolt hits you!
* * * LOW HITPOINT WARNING * * *
You see here a bolt.
Read which item? (? for menu, Esc to quit)
Blink to where?
As you read the scroll of blinking, it crumbles to dust.
You are very lightly contaminated with residual magic.
The deep elf fighter shoots an arrow.
The arrow completely misses you.
Put on which piece of jewellery? (? for menu, Esc to quit)
Okay, then.
You swing at nothing.
The orc knight roars a battlecry!
The orcs go into a battle-frenzy!
The ogre mage casts a spell.
The ogre mage seems to speed up.
The deep elf fighter shoots an arrow.
The arrow misses you. 2 orcs, a deep elf knight, a yaktaur and a two-headed ogre come into view.
Unknown command.
You swing at nothing.
Your surroundings suddenly seem different.
A yaktaur captain comes into view. It is wielding a morningstar.
The yaktaur captain shouts!
A yaktaur comes into view. It is wielding a runed mace.
The yaktaur shouts!
The yaktaur unwields an uncursed runed mace.
It stops glowing.
The yaktaur wields a runed arbalest.
It bursts into flame!
The yaktaur shoots a bolt.
The bolt hits you!!
* * * LOW HITPOINT WARNING * * *
The bolt burns you!
You die...

Action                   |  1- 3 |  4- 6 |  7- 9 | 10-12 | 13-15 | 16-18 | 19-21 || total
-------------------------+-------+-------+-------+-------+-------+-------+-------++-------
Melee: Unarmed           |   200 |   333 |   869 |  1394 |  3219 |  2739 |  2639 || 11393
  Use: Scroll            |       |     4 |     8 |    10 |    22 |     9 |    18 ||    71
 Stab: Sleeping          |     3 |     1 |     5 |    12 |    18 |    14 |    14 ||    67
       Distracted        |       |     1 |     1 |     4 |     4 |    14 |     3 ||    27
       Fleeing           |       |       |       |     1 |     1 |       |       ||     2
       Confused          |       |       |       |       |     3 |       |       ||     3

Vault maps used:
D:1:      dpeg_arrival_shrine, serial_bayou_lagoon_b
D:2:      nicolae_overflow_hidden_temple, elyvilon_altar_5
D:3:      minmay_goblin_kobold_castle, cheibriados_altar_1, led_sif_book,
          fedhas_altar_fruit_tree
D:4:      minitemple, temple_fountains, first_bread, nrook_mini_vaults
D:5:      nemelex_deck, kennysheep_mini, sword_in_stone
D:6:      serial_shops, nicolae_shop_stone
D:7:      grunt_temple_overflow_growth_and_decay, basic_altar,
          minmay_door_square
D:8:      nicolae_gozag_seed_capital
D:9:      grunt_temple_overflow_holy_war, grunt_lair_entry_elf_guard_hut,
          orc_0_dummy, serial_shops, shop, fountainhead, hangedman_tell_no_tales
D:10:     lemuel_flame_loot_2, nicolae_trove_entry_path_of_doom, serial_shops,
          shop
D:12:     wad_woods_minihive, serial_glass, glass_columns_a, glass_columns_c,
          glass_columns_a, glass_columns_b, glass_columns_a, glass_columns_c,
          glass_columns_c, glass_columns_c, glass_columns_a, glass_columns_c,
          glass_columns_b, glass_columns_a, glass_columns_a, glass_columns_b,
          moated_statue
D:13:     dk_noncrumbling_4, minmay_misc_feat_rows, uniq_urug, uniq_grum
D:14:     david_vaults_2, serial_park_avenue1, serial_shops, shop_fountains,
          small_statue_intersection, minivault_16, uniq_frances, uniq_rupert
D:15:     hangedman_depths_entry_civil_slaughter, minmay_misc_feat_plants,
          lemuel_statue_altar, uniq_azrael
Lair:2:   portal_ice_cave_entry_imps, serial_bayou_shore_b, uniq_harold
Lair:3:   special_room, lemuel_fruit_fields
Lair:4:   minmay_shoals_entry_lonely_mermaid, zaba_antful_of_joy,
          infiniplex_staircase_pool_2, uniq_erica
Lair:5:   minmay_snake_entry_six_corridors, serial_bayou, serial_bayou_lake_a,
          serial_bayou_pond_e, serial_bayou_pond_e, serial_bayou_lagoon_a,
          serial_bayou_shore_b, serial_bayou_crossing, wad_woods_03,
          uniq_nergalle
Lair:6:   hibernation_bobbens
Lair:7:   boulder_dual_corridor_run, slime_altar_1, minivault_26
Lair:8:   guppyfry_lair_end_dragon, hangedman_lair_caniforms_friends
Shoals:2: uniq_asterion, uniq_agnes
Shoals:3: serial_shops, nicolae_shop_statue_plus
Shoals:4: serial_shops, shop_fountains, shop, shop, uniq_saint_roka,
          uniq_norris, uniq_donald
Shoals:5: shoals_end_hangedman, shoals_ilsuiw_alternative, abandoned_shop,
          hangedman_feature_mirror
Snake:1:  nicolae_snakescales, serial_shops, nicolae_shop_trees, spider_trap
Snake:2:  serial_shops, shop_fountains
Snake:3:  cheibrodos_snake_ritualist_ritual
Snake:4:  uniq_vashnia, uniq_jorgrun
Snake:5:  minmay_snake_end_coiled, basic_altar
Orc:1:    serial_shops, nicolae_shop_behind_doors
Orc:2:    basic_altar
Orc:3:    nicolae_orc_pool_cavern, mines2_david
Orc:4:    lab_entry_generic, grunt_orc_tribal_feast, baited_tele_trap
Elf:1:    minmay_elf_arrival_summoners, serial_shops, shop,
          minmay_elf_demonology, uniq_fannar
Elf:2:    serial_shops, shop, minivault_19, uniq_snorg
Elf:3:    minmay_elf_hall_x
Vaults:1: ontoclasm_vaults_twist, ontoclasm_vaults_hangar, st_octagons_1,
          nicolae_vaults_hallways_thing, v_rooms_6, v_misc_19,
          nicolae_vaults_alarming, vaults_room_grunt_arrival_ludios
Vaults:2: nicolae_vaults_three_branches, st_quartered_hall,
          hangedman_vaults_unwind, nicolae_vaults_big_angled_halls,
          ontoclasm_vaults_pinch, v_pattern_4, ontoclasm_vaults_loading_screen,
          nicolae_vaults_little_squares_6, v_misc_27, vaults_room_hallway,
          v_alt_pattern_2, nicolae_vaults_mini_display_case,
          serial_hangedman_research, hangedman_research_convocations,
          uniq_xtahua
Vaults:3: minmay_crypt_entry_simple_box, v_misc_25,
          ontoclasm_vaults_fire_temple, v_misc_30, v_rooms_1,
          hangedman_vaults_stagger, serial_ice_b, vaults_dpeg_hooks
Vaults:4: nicolae_vaults_border_crossing, ontoclasm_vaults_ring_small,
          v_alt_pattern_4, nicolae_vaults_rhombus_5, v_misc_12,
          ontoclasm_vaults_spin, v_misc_16, v_misc_25, vaults_room_door_ring,
          grunt_vaults_twisty, vaults_room_hallway, v_misc_18,
          nicolae_vaults_little_squares_3, vaults_dpeg_ring,
          nicolae_vaults_little_squares_4, st_eye,
          nicolae_vaults_ring_of_whatevers
Lab:      nicolae_lab_dead_adventurers
IceCv:    ice_cave_statue_garden_02

Notes
Turn   | Place    | Note
--------------------------------------------------------------
     0 | D:1      | thegroundistoosoft, the Mummy Monk, began the quest for the Orb.
     0 | D:1      | Reached XP level 1. HP: 18/18 MP: 1/1
   577 | D:1      | Reached XP level 2. HP: 14/24 MP: 2/2
   912 | D:1      | Skillih: still winning? :D
   912 | D:1      | thegroundistoosoft: ain't even got
   912 | D:1      | thegroundistoosoft: the first idea m8
   987 | D:1      | Reached skill level 4 in Unarmed Combat
  1420 | D:1      | Reached XP level 3. HP: 21/29 MP: 3/3
  2676 | D:2      | this degree of ground softness is barely tolerable
  2761 | D:2      | Found a white marble altar of Elyvilon.
  2769 | D:2      | Reached XP level 4. HP: 35/35 MP: 4/4
  3451 | D:3      | Found a deep blue altar of Sif Muna.
  3514 | D:3      | Found a blossoming altar of Fedhas.
  3549 | D:3      | Found a snail-covered altar of Cheibriados.
  4008 | D:3      | Reached skill level 5 in Unarmed Combat
  4530 | D:3      | Reached XP level 5. HP: 37/41 MP: 5/5
  5099 | D:3      | Reached skill level 3 in Dodging
  5286 | D:3      | Noticed a big kobold
  5315 | D:3      | Killed a big kobold
  5705 | D:3      | Reached XP level 6. HP: 34/47 MP: 6/6
  5797 | D:3      | Noticed a big kobold
  5806 | D:3      | Killed a big kobold
  5806 | D:3      | Reached skill level 4 in Dodging
  6116 | D:3      | Noticed a big kobold
  6116 | D:3      | Noticed a big kobold
  6178 | D:3      | MackTheKnife: splatting hard, or hardly splatting?
  6480 | D:2      | thegroundistoosoft: couldn't possibly believe how much these mumos have shed light on our ground hardness theories
  6480 | D:2      | thegroundistoosoft: of course we've paid for those advances dearly
  6561 | D:3      | Killed a big kobold
  6637 | D:3      | Killed a big kobold
  6853 | D:3      | Reached skill level 6 in Unarmed Combat
  6995 | D:3      | Noticed a hungry ghost
  7022 | D:3      | Killed a hungry ghost
  7022 | D:3      | Reached XP level 7. HP: 32/52 MP: 7/7
  7023 | D:3      | thanks, ghost!
  7356 | D:3      | MackTheKnife: Very clear parallels to Franklin's hazardous research, you truly are pioneers.
  7407 | D:3      | thegroundistoosoft: we do what we can
  7407 | D:3      | thegroundistoosoft: so that egypt can be free again
  7435 | D:4      | Noticed asdu's ghost (average VSTm)
  7437 | D:4      | thegroundistoosoft: what
  7437 | D:4      | MackTheKnife: woah pumpkin head
  7437 | D:4      | thegroundistoosoft: is that a fucking
  7437 | D:4      | thegroundistoosoft: what
  7437 | D:4      | MackTheKnife: excellent
  7455 | D:4      | pls
  7455 | D:4      | I MADE YOU
  7455 | D:4      | AND I CAN UNMAKE YOU
  7457 | D:4      | Killed asdu's ghost
  7945 | D:4      | Reached skill level 7 in Unarmed Combat
  8304 | D:4      | Found a shadowy altar of Dithmenos.
  8317 | D:4      | Found an iron altar of Okawaru.
  8878 | D:4      | Found a staircase to the Ecumenical Temple.
  9117 | D:4      | Reached skill level 5 in Dodging
  9309 | D:5      | Entered Level 5 of the Dungeon
  9327 | D:5      | thegroundistoosoft: oi m87
  9327 | D:5      | thegroundistoosoft: a quifoches o mdk
  9333 | D:5      | Found a shattered altar of Ashenzari.
  9374 | D:5      | Reached XP level 8. HP: 13/58 MP: 8/8
  9612 | D:5      | sarcophagus
  9644 | D:5      | Found a sparkling altar of Nemelex Xobeh.
  9977 | D:4      | Reached skill level 6 in Dodging
 11487 | D:5      | Noticed Eustachio
 12004 | D:5      | Reached skill level 8 in Unarmed Combat
 13552 | D:6      | Found Caul Xit's Book Shoppe.
 13582 | D:6      | Identified a scroll of acquirement
 14146 | D:7      | Found a burning altar of Makhleb.
 14399 | D:7      | Reached XP level 9. HP: 61/63 MP: 9/9
 14418 | D:7      | Found a blossoming altar of Fedhas.
 14418 | D:7      | Found an ancient bone altar of Kikubaaqudgha.
 14447 | D:7      | Reached skill level 9 in Unarmed Combat
 15365 | D:8      | HP: 4/63 [orc priest/divine providence (12)]
 15963 | D:8      | Reached skill level 4 in Fighting
 16090 | D:8      | Found an opulent altar of Gozag.
 16361 | D:8      | Reached skill level 5 in Fighting
 16363 | D:8      | moscheto: oh
 16464 | D:8      | moscheto: oh fun por reseitas
 16468 | D:8      | moscheto: lal
 17063 | D:9      | Reached skill level 6 in Fighting
 17065 | D:9      | thegroundistoosoft: oic
 17133 | D:9      | Found Rolemas' Weapon Shoppe.
 17432 | D:9      | Reached skill level 7 in Fighting
 17730 | D:9      | Reached skill level 8 in Fighting
 17847 | D:9      | Reached XP level 10. HP: 74/80 MP: 10/10
 18552 | D:9      | Reached skill level 9 in Fighting
 18694 | D:9      | Found a glowing golden altar of the Shining One.
 18695 | D:9      | Noticed an angel
 18707 | D:9      | Found a basalt altar of Yredelemnul.
 18708 | D:9      | Noticed a profane servitor
 18983 | D:9      | Found a staircase to the Orcish Mines.
 19157 | D:10     | Entered Level 10 of the Dungeon
 19192 | D:10     | Noticed a hill giant
 19255 | D:10     | Found Gatogresap's Armour Shoppe.
 19274 | D:10     | Bought a +0 cloak for 72 gold pieces
 19461 | D:10     | Found a portal to a secret trove of treasure.
 19806 | D:10     | Noticed a hill giant
 20426 | D:10     | Reached skill level 10 in Unarmed Combat
 20679 | D:10     | moscheto: e aghora voume poƱer a faser testes para que me deixen subir nunha maquina de 1000kg para matar xente
 20741 | D:10     | thegroundistoosoft: woo
 21681 | D:10     | lots of fire and maybe things
 22473 | D:8      | Reached skill level 11 in Unarmed Combat
 23232 | D:10     | Noticed a tengu warrior
 23284 | D:10     | Reached skill level 7 in Dodging
 23703 | D:10     | Reached XP level 11. HP: 85/89 MP: 11/11
 24076 | D:11     | Got a warped quarterstaff
 24340 | D:11     | Noticed a hill giant
 24483 | D:11     | You feel much better.
 24708 | D:12     | Reached skill level 8 in Dodging
 25226 | D:12     | Reached skill level 9 in Dodging
 25266 | D:12     | heavens
 25727 | D:12     | Noticed an eight-headed hydra
 25879 | D:9      | Found a staircase to the Lair.
 25897 | Lair:1   | Entered Level 1 of the Lair of Beasts
 26704 | Lair:1   | Reached skill level 12 in Unarmed Combat
 27186 | Lair:2   | Reached XP level 12. HP: 84/95 MP: 12/12
 27317 | Lair:2   | Found a frozen archway.
 27469 | IceCv    | Entered an ice cave
 28062 | Lair:2   | Noticed Harold
 28182 | Lair:2   | Reached skill level 13 in Unarmed Combat
 28288 | Lair:2   | Noticed an eight-headed hydra
 28690 | Lair:2   | Killed Harold
 28868 | Lair:2   | Reached skill level 10 in Fighting
 29074 | Lair:3   | Got a fine ring mail
 29335 | Lair:2   | Noticed a seven-headed hydra
 29560 | Lair:3   | Reached skill level 11 in Fighting
 30093 | Lair:3   | Noticed a four-headed hydra
 30105 | Lair:3   | Killed a four-headed hydra
 30105 | Lair:3   | Reached skill level 12 in Fighting
 30309 | Lair:3   | Reached XP level 13. HP: 98/108 MP: 13/13
 30549 | Lair:4   | Noticed Erica
 30893 | Lair:4   | Reached skill level 10 in Dodging
 30922 | Lair:4   | Found a staircase to the Shoals.
 31476 | Lair:4   | oh no not the poison
 31522 | Lair:4   | thegroundistoosoft: elefantes no formigeiro
 31522 | Lair:4   | thegroundistoosoft: woat
 31637 | Lair:4   | Reached skill level 11 in Dodging
 31970 | Lair:4   | moscheto: as formijas orde;an elefantes
 31975 | Lair:4   | moscheto: como cos puljons
 31975 | Lair:4   | moscheto: pero mais hardcore
 31980 | Lair:4   | moscheto: AC 12
 32132 | Lair:5   | Artagel: HAHAHA
 32133 | Lair:5   | Found a staircase to the Snake Pit.
 32139 | Lair:5   | Artagel: the tabstorm is attained
 32148 | Lair:5   | thegroundistoosoft: it does feel bad though
 32148 | Lair:5   | thegroundistoosoft: this is MUMMY MONK CHALLENGE
 32148 | Lair:5   | thegroundistoosoft: not spriggan
 32185 | Lair:5   | Artagel: why do you have 29ev
 32205 | Lair:5   | pls come back
 32218 | Lair:5   | Artagel: without phase shift or anything silly like that
 32218 | Lair:5   | Artagel: oh.
 32218 | Lair:5   | thegroundistoosoft: 2dextrous
 32218 | Lair:5   | Artagel: they see you fencing
 32239 | Lair:5   | Artagel: they hating
 32250 | Lair:5   | ;_;
 32306 | Lair:5   | Artagel: rip boulder beetle
 32306 | Lair:5   | Artagel: forever doomed to spin in the darkness
 32496 | Lair:5   | thegroundistoosoft: I also got the only flight source that is allowed!
 32508 | Lair:5   | thegroundistoosoft: since you don't have to evoke them
 32508 | Lair:5   | thegroundistoosoft: I can't turn them off without removing them though
 32560 | Lair:5   | Artagel: :D
 32618 | Lair:5   | Artagel: Also known as the flintstones way of solving things
 33452 | Lair:5   | well
 33452 | Lair:5   | I do like my ground sufficiently hard
 33516 | Lair:5   | Noticed Nergalle
 33546 | Lair:5   | Killed Nergalle
 33720 | Lair:6   | Reached skill level 14 in Unarmed Combat
 34010 | Lair:6   | thegroundistoosoft: https://i.4cdn.org/vg/1415736711030.jpg
 34010 | Lair:6   | thegroundistoosoft: behold
 35549 | Lair:7   | Reached XP level 14. HP: 109/115 MP: 14/14
 35694 | Lair:7   | Found a staircase to the Slime Pits.
 35695 | Lair:7   | Found a viscous altar of Jiyva.
 36759 | Lair:8   | Entered Level 8 of the Lair of Beasts
 36941 | Lair:8   | Reached skill level 15 in Unarmed Combat
 37425 | Lair:8   | Got a pair of encrusted boots
 37426 | Lair:8   | Identified the +2 pair of boots "Muenacuu" {+Rage} (You found it on level 8 of the Lair of Beasts)
 37736 | Lair:8   | Reached skill level 13 in Fighting
 38937 | Lair:8   | Reached skill level 14 in Fighting
 39903 | Lair:4   | EEEY GURL
 40322 | D:10     | Killed a tengu warrior
 40323 | D:10     | NOT
 40323 | D:10     | EVEN
 40323 | D:10     | CLOSE
 40687 | Orc:1    | Entered Level 1 of the Orcish Mines
 40853 | Orc:1    | Found Kloc's Food Shoppe.
 41579 | Orc:2    | Found a roughly hewn altar of Beogh.
 41876 | Orc:3    | Found a staircase to the Elven Halls.
 41905 | Orc:3    | Found a roughly hewn altar of Beogh.
 42025 | Orc:2    | Reached skill level 2 in Stealth
 42971 | Orc:4    | Entered Level 4 of the Orcish Mines
 43001 | Orc:4    | Found a labyrinth entrance.
 43010 | Lab      | Entered a labyrinth
 43895 | Lab      | HP: 11/121 [minotaur/arrow of flame (25)]
 44770 | Lab      | Got a dazzling shortbow {freeze}
 44770 | Lab      | Got an uncursed jewelled short sword
 45733 | Orc:4    | Reached XP level 15. HP: 125/127 MP: 15/15
 45740 | Orc:4    | Reached skill level 3 in Stealth
 46292 | Orc:4    | Reached skill level 4 in Stealth
 46498 | Orc:4    | Found Muab's Assorted Antiques.
 46499 | Orc:4    | Found Opaac's Armour Shoppe.
 46500 | Orc:4    | Found Baysch's Armour Boutique.
 46501 | Orc:4    | Found Athronwe's Jewellery Shoppe.
 47046 | D:10     | Artagel: rip gloves
 47046 | D:10     | thegroundistoosoft: it was necessary
 47212 | D:10     | Killed an unseen horror
 47277 | D:11     | Killed a hill giant
 47757 | D:13     | Reached skill level 12 in Dodging
 47837 | D:12     | Killed a hill giant
 48106 | D:13     | Noticed Grum
 48130 | D:13     | Killed Grum
 48555 | D:13     | please no
 48641 | D:13     | Noticed Urug
 48648 | D:13     | Killed Urug
 48694 | D:13     | dramatic
 48717 | D:13     | not allowed
 48732 | D:13     | for fags
 49386 | D:14     | Hi, welcome to Mummy Monk, the Challenge! We are right now keeping implojin from dying to horrible monster design, normal emission will be resumed as soon as possible!
 49386 | D:14     | Thanks for your understanding!
 49386 | D:14     | We are now resuming our original fisting schedule!
 49435 | D:14     | you are literally just a silver statue
 49472 | D:14     | Leper: GUESS I'M GONNA HAVE TO BUG YOU NOW
 49472 | D:14     | thegroundistoosoft: jesus christ
 49477 | D:14     | Leper: perfect timing it seems
 49824 | D:14     | Leper: will fruit explode giant spores?
 49874 | D:14     | Leper: or does actual damage need to occur?
 49874 | D:14     | thegroundistoosoft: needs damage
 49874 | D:14     | thegroundistoosoft: so you can't pop them
 49911 | D:14     | Leper: thanks
 50336 | D:14     | Noticed Rupert
 50357 | D:14     | Leper: still punch-stabbing dudes?
 50406 | D:13     | thegroundistoosoft: nah I killed that guy in an ice cave
 50406 | D:13     | thegroundistoosoft: because oh a wolf spider simulacrum what could possibly
 50406 | D:13     | thegroundistoosoft: etc
 50567 | D:14     | Leper: ah
 50890 | D:14     | Found Xyratoli's Food Boutique.
 50933 | D:14     | thegroundistoosoft: it what
 50968 | D:14     | Noticed Frances
 50969 | D:14     | Leper: i noticed sage seemed a bit irritated at the fact that i shared the image with the autism edit. i'm sorry if it bothered you.
 50969 | D:14     | Leper: it wasn't intentional.
 50981 | D:14     | thegroundistoosoft: oh hah
 50981 | D:14     | thegroundistoosoft: no man don't worry
 50981 | D:14     | thegroundistoosoft: I mean it's a silly edit and I felt a bit bad for the guy at the thread with actual autism.
 50981 | D:14     | thegroundistoosoft: but no biggy
 51097 | D:14     | Leper: i was honestly surprised that people reacted that way to it. autism as an insult is thrown around a lot on 4chan.
 51161 | D:14     | Leper: maybe i just have thick skin.
 51161 | D:14     | thegroundistoosoft: yeah I normally just don't pay attention to that sort of stuff
 51161 | D:14     | thegroundistoosoft: found it surprising too
 51260 | D:15     | Entered Level 15 of the Dungeon
 51263 | D:14     | Leper: that tile for Frances
 51275 | D:13     | Leper: looks like it belongs in WoW
 51534 | D:14     | thegroundistoosoft: bloax has a very personal style
 51534 | D:14     | thegroundistoosoft: that sometimes is fantastic
 51534 | D:14     | thegroundistoosoft: and sometimes not so much
 51557 | D:14     | Leper: i definitely agree that his stuff is either hit or miss.
 51576 | D:15     | thegroundistoosoft: still got no idea why he made das pajamas
 51576 | D:15     | thegroundistoosoft: but okay
 51576 | D:15     | Leper: sometimes he amazes me with the level of detail that he can fit into such small images.
 51699 | D:15     | Reached skill level 13 in Dodging
 51718 | D:15     | Found a staircase to the Depths.
 52081 | D:15     | Found a basalt altar of Yredelemnul.
 52394 | D:15     | Noticed Azrael
 52522 | D:15     | Got an ichor-stained helmet
 52523 | D:15     | Identified the +1 helmet "Wuteilili" {rC+} (You acquired it on level 15 of the Dungeon)
 52524 | D:15     | Leper: neat.
 52524 | D:15     | gee
 53228 | Shoals:1 | Entered Level 1 of the Shoals
 53417 | Shoals:1 | Leper: would shoals instantly be improved with the removal of tides?
 53442 | Shoals:1 | thegroundistoosoft: well
 53442 | Shoals:1 | thegroundistoosoft: It would be better than as it is somewhat but at the same time that's the entire gimmick
 53515 | Shoals:1 | Leper: ah, i hadn't considered that.
 53527 | Shoals:1 | I'll cry myself to sleep over this later
 54164 | Lair:4   | Leper: You seem to know a lot about game design. Do you have formal education in that area, or is it a result of playing Crawl enough and actually thinking about it at length?
 54164 | Lair:4   | thegroundistoosoft: I run my mouth about a lot things I like constantly so given enough time I start to sound like I know what I'm talking about.
 54303 | Shoals:1 | Leper: More likely you've had enough dialogue with others and have been able to construct more informed opinions as a result, therefore sounding like you know what you're talking about. :P
 54352 | Shoals:1 | Leper: that was a retarded sentence oh my god
 54352 | Shoals:1 | Leper: i need to go to bed
 54352 | Shoals:1 | moscheto: Bed too soft
 54352 | Shoals:1 | Leper: it's nearly 10 am
 54352 | Shoals:1 | thegroundistoosoft: pfff
 54352 | Shoals:1 | Leper: my bed sucks actually
 54352 | Shoals:1 | thegroundistoosoft: professional crawlers go to bed at 11 AM
 54352 | Shoals:1 | Leper: the springs poke out
 54352 | Shoals:1 | thegroundistoosoft: and wake up at 8
 54352 | Shoals:1 | Leper: i do that sometimes
 54518 | Shoals:1 | Leper: but only when i've been drinking dr. T's man tonic (don't ask)
 54546 | Shoals:1 | thegroundistoosoft: hey I did it while being completely sober
 54546 | Shoals:1 | moscheto: Sounds like Indian cheap ass cola
 54546 | Shoals:1 | thegroundistoosoft: because CKs were fantastic
 54582 | Shoals:1 | Leper: it's not alcohol, it's pure distilled manliness.
 54605 | Shoals:1 | Leper: mr. T got a degree in pharmacology. this is the result.
 54605 | Shoals:1 | Leper: it kind of tastes like sweat tbh
 54605 | Shoals:1 | thegroundistoosoft: I didn't know we had official drink for the mumo challenge.
 54605 | Shoals:1 | thegroundistoosoft: it feels wrong for some reason.
 54605 | Shoals:1 | oh
 54628 | Shoals:1 | moscheto: \o/
 54628 | Shoals:1 | Leper: on the packaging it says that you can soak it in your bandages for a similar effect
 54628 | Shoals:1 | Leper: (for burn victims i guess)
 55023 | Shoals:1 | thegroundistoosoft: mother of christ
 55036 | Shoals:1 | Leper: wow
 55370 | Lair:4   | Leper: manticores don't fuck around
 55370 | Lair:4   | thegroundistoosoft: I always forget they got their melee buffed as well
 55370 | Lair:4   | thegroundistoosoft: and more HD so they actually hit
 55370 | Lair:4   | thegroundistoosoft: goddamn things
 55513 | Shoals:2 | Reached skill level 16 in Unarmed Combat
 55533 | Shoals:2 | Noticed Agnes
 55541 | Shoals:2 | ffffuck off midget
 55824 | Shoals:2 | have
 55865 | Shoals:2 | Leper: "I never trained for a flying mummy to punch my shit in."
 56027 | Shoals:2 | i name is dicks and mine are the tides and seas
 56027 | Shoals:2 | stupid i
 56027 | Shoals:2 | get outta there
 56305 | Shoals:2 | Leper: ow
 56415 | Shoals:2 | Leper: so spiky
 56614 | Shoals:2 | Leper: 'just one more hit...'
 57112 | Shoals:2 | thegroundistoosoft: we are going to be here a while btw
 57219 | Shoals:2 | Leper: worth it to see agnes, splatter of worlds, get punched to death by a dude in bandages
 57277 | Shoals:2 | Mulzaro: lol
 57321 | Shoals:2 | Killed Agnes
 57321 | Shoals:2 | Leper: yay
 57321 | Shoals:2 | thegroundistoosoft: ALL
 57321 | Shoals:2 | thegroundistoosoft: THE TIME
 57321 | Shoals:2 | Leper: are you going to id the laj?
 57321 | Shoals:2 | thegroundistoosoft: maybe
 57321 | Shoals:2 | thegroundistoosoft: but implo is at it
 57321 | Shoals:2 | Leper: ah, thanks
 57321 | Shoals:2 | thegroundistoosoft: can't blink or I might miss it
 57321 | Shoals:2 | Reached XP level 16. HP: 52/134 MP: 16/16
 58221 | Shoals:2 | Noticed Asterion
 58302 | Shoals:2 | Reached skill level 15 in Fighting
 58608 | Shoals:2 | Leper: oh i was afk
 58610 | Shoals:2 | Leper: did implo die?
 58610 | Shoals:2 | thegroundistoosoft: oh, nope
 58610 | Shoals:2 | thegroundistoosoft: had to go
 58619 | Shoals:2 | Leper: cool
 58738 | Shoals:3 | Found Psosianu's General Store.
 58778 | Shoals:3 | Leper: that reminds me, did you id the laj? all good if not, i'm just curious
 58790 | Shoals:3 | thegroundistoosoft: sure did
 58790 | Shoals:3 | thegroundistoosoft: it was speed +1
 58791 | Shoals:3 | Leper: ahaha, that sounds about right
 58791 | Shoals:3 | thegroundistoosoft: which explains why she could stumble and still land hits
 58791 | Shoals:3 | thegroundistoosoft: sometimes
 58818 | Shoals:3 | Leper: i couldn't tell if it was just because she's naturally speedy
 59042 | Shoals:3 | thegroundistoosoft: yeah I thought I was just misjudging
 59132 | Shoals:3 | Leper: well, i think i might head to bed now. i've really enjoyed watching and talking to y'all. keep being awesome!
 59281 | Shoals:3 | what a nice guy
 60334 | Shoals:4 | Noticed Norris
 60343 | Shoals:4 | wow
 60343 | Shoals:4 | ffffuck off
 60558 | Shoals:4 | Found Hiefror's Distillery.
 60879 | Shoals:4 | Found Ocom's Jewellery Shoppe.
 60892 | Shoals:4 | Bought the amulet of the Four Winds {Clar rN+ MR+++} for 805 gold pieces
 60904 | Shoals:4 | Found Tousych's Jewellery Shop.
 60930 | Shoals:4 | Noticed Donald
 61024 | Shoals:4 | Killed Donald
 61117 | Shoals:4 | it is a good pain
 61242 | Shoals:4 | thegroundistoosoft: actually I'm sorry I kept you waiting but it's late so I'm going to bed
 61242 | Shoals:4 | Basil: woah woah woah
 61242 | Shoals:4 | thegroundistoosoft: what
 61242 | Shoals:4 | Basil: are you seriously going to be
 61242 | Shoals:4 | thegroundistoosoft: my bed
 61242 | Shoals:4 | Basil: a prancing la la homo man
 61242 | Shoals:4 | thegroundistoosoft: no I am the chosen
 61242 | Shoals:4 | thegroundistoosoft: of the wind
 61242 | Shoals:4 | Basil: You know what I think?
 61242 | Shoals:4 | Basil: Harden up.
 61242 | Shoals:4 | thegroundistoosoft: what
 61242 | Shoals:4 | thegroundistoosoft: mate I am the hardest mummo ever to lay waste
 61242 | Shoals:4 | thegroundistoosoft: to these shoals
 61242 | Shoals:4 | Basil: the wind is pretty unhard I reckon
 61242 | Shoals:4 | thegroundistoosoft: well I admit I don't have a lot of AC
 61242 | Shoals:4 | thegroundistoosoft: regardless a decision has been made
 61242 | Shoals:4 | thegroundistoosoft: the council has spoken
 61242 | Shoals:4 | thegroundistoosoft: and both current mumos fit the criteria
 61242 | Shoals:4 | thegroundistoosoft: for the ultimate challenge
 61242 | Shoals:4 | and now I'm going to bed
 61258 | Shoals:4 | Noticed Saint Roka
 62107 | Shoals:4 | HP: 6/136 [water nymph/the raging water (34)]
 63129 | Shoals:5 | Entered Level 5 of the Shoals
 63480 | Shoals:4 | moscheto: welp
 63608 | Shoals:4 | thegroundistoosoft: 6dangerous
 63836 | Shoals:4 | moscheto: Norris pls die
 63878 | Shoals:4 | CANNOT HIDE FROM THE WRATH OF EGYPT
 63911 | Shoals:4 | Killed Norris
 63911 | Shoals:4 | Reached skill level 17 in Unarmed Combat
 63912 | Shoals:4 | and stay ded
 63914 | Shoals:4 | thegroundistoosoft: 2cool
 64454 | Snake:1  | Entered Level 1 of the Snake Pit
 64688 | Snake:1  | Found Socy's Food Boutique.
 65334 | Snake:1  | moscheto: snakepit 2 hard
 65572 | Snake:1  | Got a faintly glowing scimitar
 66100 | Snake:2  | Reached skill level 16 in Fighting
 66716 | Snake:2  | Found Osacastaape's Jewellery Shoppe.
 66722 | Snake:2  | thegroundistoosoft: cry ever tim
 66722 | Snake:2  | Bought a +4 ring of protection for 648 gold pieces
 68069 | Snake:2  | Reached XP level 17. HP: 131/145 MP: 17/17
 72150 | Snake:4  | Noticed Vashnia
 72466 | Snake:4  | Reached skill level 18 in Unarmed Combat
 73228 | Snake:4  | Reached skill level 17 in Fighting
 75576 | Snake:4  | Killed Vashnia
 75625 | Snake:4  | Noticed Jorgrun
 76621 | Snake:4  | Killed Jorgrun
 77066 | Snake:1  | Reached skill level 18 in Fighting
 77194 | Snake:5  | Entered Level 5 of the Snake Pit
 77692 | Snake:5  | Found a glowing golden altar of the Shining One.
 77702 | Snake:5  | fffffuck off
 77882 | Snake:5  | Reached XP level 18. HP: 110/157 MP: 18/18
 80130 | Snake:5  | Reached skill level 14 in Dodging
 80339 | Snake:5  | No, thanks!
 82320 | Snake:5  | Got a serpentine rune of Zot
 82321 | Snake:5  | HELL
 82321 | Snake:5  | YES
 82724 | Snake:3  | names: so are you really planning on going for 15 runes?
 82812 | Snake:2  | thegroundistoosoft: I was blessed by the four winds
 82812 | Snake:2  | thegroundistoosoft: so it must be done
 83177 | Shoals:2 | names: how are you going to get into the slime vaults? 1 time evo exception or are you going to drag an eye of devastation down there after punching out TRJ?
 83248 | Shoals:3 | thegroundistoosoft: worst case scenario I guess I can just drag something that can break rock there yeah
 83248 | Shoals:3 | thegroundistoosoft: a one time evo expection for that should be okay though
 83259 | Shoals:3 | names: fair enough
 83516 | Shoals:5 | Noticed Ilsuiw
 84025 | Shoals:4 | Killed Ilsuiw
 85023 | Shoals:5 | Got a barnacled rune of Zot
 85024 | Shoals:5 | moscheto: 2nd rune HYPE
 85024 | Shoals:5 | names: only 13 to go
 85024 | Shoals:5 | thegroundistoosoft: damn straight
 85051 | Shoals:5 | please no
 85319 | Shoals:5 | Found an iron altar of Okawaru.
 85348 | Shoals:5 | names: what do you think about corpse saccing being removed for oka?
 85370 | Shoals:5 | thegroundistoosoft: I think that the piety system has to be reworked along with upstairs removed if they want that theoretic tactical gameplay to exist
 85370 | Shoals:5 | thegroundistoosoft: and as it is just removes silly funsies from the game
 85370 | Shoals:5 | thegroundistoosoft: for not a whole lot of reason
 85926 | Shoals:5 | Reached skill level 19 in Unarmed Combat
 85987 | Shoals:5 | names: i don't quite follow, what goal do you think they're trying to accomplish?
 86095 | Shoals:5 | thegroundistoosoft: well, current design direction is a huge mystery
 86095 | Shoals:5 | thegroundistoosoft: but commits like these are supposedly streamlining gameplay by removing silly factors that are mostly flavor
 86095 | Shoals:5 | thegroundistoosoft: and focusing on the tactical side
 86095 | Shoals:5 | thegroundistoosoft: which would be all good and well
 86095 | Shoals:5 | thegroundistoosoft: if they were actually working on the things that really hamper that
 86265 | Shoals:5 | names: yeah, pressing P a few times after battles doesn't really impede much does it
 86396 | Shoals:5 | sonova
 86396 | Shoals:5 | thegroundistoosoft: word
 86396 | Shoals:5 | thegroundistoosoft: I mean I get fixing crawl's tactics for good would be huge work
 86396 | Shoals:5 | thegroundistoosoft: but just removing things people enjoy as flavor because it's easy
 86396 | Shoals:5 | thegroundistoosoft: well that doesn't make much sense to me
 86409 | Shoals:5 | names: i saw someone describe crawl's direction as making it more of an "action roguelike", think that's an accurate assessment?
 86410 | Shoals:5 | thegroundistoosoft: you would think so, based on these commits
 86410 | Shoals:5 | thegroundistoosoft: but then you have others that completely contradict that
 86414 | Shoals:5 | names: such as?
 86414 | Shoals:5 | thegroundistoosoft: this mouth of mine is going to get me in trouble some day
 86414 | Shoals:5 | thegroundistoosoft: well
 86414 | Shoals:5 | thegroundistoosoft: I can't think of anything but pantheon expansion and monster design
 86414 | Shoals:5 | thegroundistoosoft: the way those are going just screams the guys making them want more room to work with
 86414 | Shoals:5 | thegroundistoosoft: just looking at all the weird shit they need to pull
 86414 | Shoals:5 | thegroundistoosoft: but they can't because the other half of the commits are taking away similar stuff
 86414 | Shoals:5 | thegroundistoosoft: because it's apparently unworthy
 86425 | Shoals:5 | fuck you man
 87040 | Shoals:5 | Yukai: am I watching the famous /rlg/ celebrity commonly known as dck?
 87056 | Shoals:5 | thanks
 87056 | Shoals:5 | thegroundistoosoft: no
 87056 | Shoals:5 | thegroundistoosoft: I am sorry you are mistaken
 87075 | Shoals:5 | Yukai: thanks, I'll stay though
 87116 | Shoals:5 | thegroundistoosoft: enjoy the show
 88091 | Shoals:5 | Found a glowing golden altar of the Shining One.
 88256 | Shoals:5 | Reached XP level 19. HP: 150/163 MP: 18/18
 88440 | Shoals:2 | gfunk please go
 88792 | Elf:1    | Entered Level 1 of the Elven Halls
 89115 | Elf:1    | fucking cacos
 89766 | Elf:1    | names: summoner summoning summoners
 89776 | Elf:1    | thegroundistoosoft: jesus
 89776 | Elf:1    | thegroundistoosoft: it's an infestation
 89776 | Elf:1    | names: fucking shadow demons
 90215 | Elf:1    | Found Arohuan's Magic Scroll Shop.
 90215 | Elf:1    | Noticed Fannar
 90240 | Elf:1    | Killed Fannar
 90259 | Elf:1    | names: good shop
 90259 | Elf:1    | thegroundistoosoft: so many crutches
 90259 | Elf:1    | thegroundistoosoft: i'll never have to walk again
 90259 | Elf:1    | Bought a scroll of silence for 97 gold pieces
 90259 | Elf:1    | Bought 3 scrolls of teleportation for 117 gold pieces
 90259 | Elf:1    | Bought a scroll of teleportation for 39 gold pieces
 90259 | Elf:1    | Bought a scroll of blinking for 97 gold pieces
 90259 | Elf:1    | Bought a scroll of teleportation for 39 gold pieces
 90331 | Elf:1    | names: why are you carrying around recharging anyway
 90362 | Elf:1    | thegroundistoosoft: in case sar's wand runs out of batteries
 90550 | Elf:2    | Found Engaw's General Store.
 90646 | Elf:2    | Reached skill level 20 in Unarmed Combat
 90965 | Elf:3    | Entered Level 3 of the Elven Halls
 92123 | Elf:3    | Reached skill level 19 in Fighting
 92327 | Elf:3    | no
 92643 | Elf:3    | names: aw shit
 92643 | Elf:3    | Yukai: dayum
 92643 | Elf:3    | thegroundistoosoft: shoulda checked armor
 92650 | Elf:3    | names: whoops
 92650 | Elf:3    | careful now
 92650 | Elf:3    | Yukai: cool spells
 92650 | Elf:3    | thegroundistoosoft: heads fogsilencetele
 92650 | Elf:3    | thegroundistoosoft: tails vulnfeartele
 92650 | Elf:3    | thegroundistoosoft: heads it is
 92650 | Elf:3    | names: remember to read tele before silence
 92650 | Elf:3    | Yukai: second thoughts?
 92650 | Elf:3    | thegroundistoosoft: no I was just realizing that I wanted to read silence first
 92650 | Elf:3    | thegroundistoosoft: and self-flagelating a bit
 92650 | Elf:3    | Yukai: heh
 92661 | Elf:2    | DEATH SITUATION AVOIDED IN LESS THAN THREE MILLION HOURS
 92673 | Elf:2    | names: ha
 93158 | Elf:3    | Got a steaming scale mail
 93273 | Elf:3    | names: oh no a tormentor
 93380 | Elf:3    | houses: i am questioning the effectiveness of wielding two rapiers
 93433 | Elf:3    | thegroundistoosoft: well
 93433 | Elf:3    | thegroundistoosoft: you get to powerstance I guess
 93433 | Elf:3    | thegroundistoosoft: although moveset is awful
 93447 | Elf:3    | Yukai: a rapier and a dagger instead would be more rape-iery
 94259 | Elf:3    | thegroundistoosoft: I sure hope crawl devs are aware not letting me move corpses means optimal play is to leave some shadow imp alive to get them out of the way
 94455 | Elf:3    | Got a crude scale mail
 94455 | Elf:3    | Got a wavering wooden ring
 94463 | Elf:3    | Identified the ring of Trepidation {+Rage rElec rF+} (You took it off a deep elf priest on level 3 of the Elven Halls)
 94464 | Elf:3    | i guess
 94469 | Elf:3    | names: better than just rF
 94502 | Elf:3    | Reached skill level 20 in Fighting
 94542 | Elf:3    | not allowed
 94542 | Elf:3    | Sorry!
 94573 | Elf:3    | names: why can't ?brand be used on blowguns anyway, they can have some brands, just not as many as other weapons
 94597 | Elf:3    | thegroundistoosoft: yeah that's odd
 94597 | Elf:3    | thegroundistoosoft: probably an oversight
 94613 | Elf:3    | thegroundistoosoft: well
 94613 | Elf:3    | thegroundistoosoft: at least the shop upstairs was great
 94654 | Elf:2    | names: typical elf experience
 94683 | Elf:2    | houses: can't blowguns only have speed
 94737 | Elf:2    | thegroundistoosoft: and ev
 94737 | Elf:2    | names: they can have EV as well
 94737 | Elf:2    | houses: ah
 94746 | Elf:2    | names: you should really take the time to go back and fist Eustachio
 94746 | Elf:2    | thegroundistoosoft: when the time is right
 94746 | Elf:2    | trelanon: well, the robe has Rcorr, who knows when it'll come handy
 94746 | Elf:2    | thegroundistoosoft: xtahua hosts 0.15 right?
 94746 | Elf:2    | thegroundistoosoft: oh nvm it does
 94746 | Elf:2    | thegroundistoosoft: good
 94746 | Elf:2    | implo is a gigantic wuss
 94746 | Elf:2    | thegroundistoosoft: also I'm sorry but I've got to go for a while
 94746 | Elf:2    | thegroundistoosoft: later
 94746 | Elf:2    | Upgraded the game from 0.16-a0-2059-gf848859 to 0.16-a0-2093-g8c923f7
 95143 | D:12     | Killed an eight-headed hydra
 95367 | D:14     | Found a gate to the Vaults.
 95497 | D:14     | Killed Frances
 95497 | D:14     | Reached XP level 20. HP: 135/176 MP: 19/19
 95569 | D:14     | Killed Rupert
 95898 | D:15     | Killed Azrael
 96057 | Vaults:1 | Entered Level 1 of the Vaults
 96502 | Vaults:1 | Got a fine dagger
 97097 | Vaults:1 | Leper: Char dump?
 97097 | Vaults:1 | thegroundistoosoft: oh
 97097 | Vaults:1 | thegroundistoosoft: sure
 97099 | Vaults:1 | Leper: Thanks!
 97111 | Vaults:1 | dear diary
 97111 | Vaults:1 | today I was thanked for pressing #
 97310 | Vaults:1 | wow this is terrible
 98091 | Vaults:1 | stop
 98102 | Vaults:1 | HP: 2/176 [yaktaur captain/ bolt (26)]
 98103 | Vaults:1 | am sory
 98112 | Vaults:1 | names: wow don't tell me i got here just in time to see you die
 98112 | Vaults:1 | thegroundistoosoft: but the question is
 98112 | Vaults:1 | thegroundistoosoft: what will you see me die to
 98112 | Vaults:1 | thegroundistoosoft: greed?
 98112 | Vaults:1 | names: are there other options?
 98112 | Vaults:1 | thegroundistoosoft: I guess not
 98143 | Vaults:1 | names: well you aren't ded yet
 98143 | Vaults:1 | Leper: yet
 98144 | Vaults:1 | Leper: :p
 98607 | Vaults:1 | names: o ye of little faith
 98851 | Vaults:1 | Leper: i'll admit, i'm somewhat curious as to how punching a hell lord will turn out
 98851 | Vaults:1 | thegroundistoosoft: no
 98851 | Vaults:1 | thegroundistoosoft: no you're not
 98851 | Vaults:1 | names: i mean Mo in and of itself is fine for extended
 98851 | Vaults:1 | thegroundistoosoft: why would you lie like that?
 99001 | Vaults:1 | names: i've punched pan lords at least, though not while under such a crippling conduct
 99024 | Vaults:1 | Leper: i never lie
 99027 | Vaults:1 | Leper: OR
 99027 | Vaults:1 | Leper: i always lie
 99027 | Vaults:1 | names: or should i say manly conduct
 99027 | Vaults:1 | Leper: take your pick
 99027 | Vaults:1 | thegroundistoosoft: yes you should
 99027 | Vaults:1 | thegroundistoosoft: well
 99027 | Vaults:1 | thegroundistoosoft: it'll probably end poorly
 99027 | Vaults:1 | thegroundistoosoft: but chosen by the wind
 99569 | Vaults:1 | names: your turn count is way better than implo's at least
 99774 | Vaults:1 | thegroundistoosoft: I can see the headlines already
 99774 | Vaults:1 | thegroundistoosoft: faster than implojin
100088 | Vaults:1 | names: will tab ever be smart enough to work around glass
100214 | Vaults:1 | thegroundistoosoft: yes
100214 | Vaults:1 | thegroundistoosoft: when glass transparency is removed
100272 | Vaults:1 | Reached skill level 21 in Unarmed Combat
100994 | Vaults:2 | Noticed Xtahua
100994 | Vaults:2 | you want me to punch out xtahua
100994 | Vaults:2 | fucking fine I'll punch out xtahua
101002 | Vaults:2 | Leper: i like where this is going.
101136 | Vaults:2 | names: are you actually afraid though
101136 | Vaults:2 | thegroundistoosoft: this is some quality atmosphere
101136 | Vaults:2 | thegroundistoosoft: "you are so scared"
101136 | Vaults:2 | fffffuck off
101148 | Vaults:2 | Leper: "you wet your bandages"
101155 | Vaults:2 | Killed Xtahua
101156 | Vaults:2 | Leper: you punched her so hard she turned green
101323 | Vaults:2 | thegroundistoosoft: xtahua is supposed to be gurl?
101325 | Vaults:2 | names: i thought xtahua was a dude
101329 | Vaults:2 | thegroundistoosoft: same
101329 | Vaults:2 | names: look up the description, might be a pronoun in there
101329 | Vaults:2 | Leper: idk the name sounds kind of feminine to me
101329 | Vaults:2 | thegroundistoosoft: dang
101329 | Vaults:2 | names: look at all those "he"s
101329 | Vaults:2 | Leper: maybe she just identifies as a he
101329 | Vaults:2 | Leper: and i am secretly correct all along
101329 | Vaults:2 | names: oh god we all need to check our privilege
101329 | Vaults:2 | thegroundistoosoft: well
101329 | Vaults:2 | thegroundistoosoft: he does breath fire
101329 | Vaults:2 | thegroundistoosoft: which to the extent of my knowledge is a feminine trait
101413 | Vaults:2 | names: does that mean every fire dragon is a chick
101543 | Vaults:2 | Leper: it explains why that one unique with hell knights wears FDA
101543 | Vaults:2 | thegroundistoosoft: oh I was thinking about irl
101543 | Vaults:2 | thegroundistoosoft: but I guess
101556 | Vaults:2 | names: she doesn't always though
101633 | Vaults:2 | names: she has MDA sometimes
101644 | Vaults:2 | Leper: oh
101666 | Vaults:2 | Leper: damn
101685 | Vaults:2 | Leper: curse my inferior knowledge of the game
101716 | Vaults:2 | names: 2slow
101716 | Vaults:2 | perhaps next sunday
101731 | Vaults:2 | thegroundistoosoft: are you kidding me
101731 | Vaults:2 | thegroundistoosoft: it even has hw
101753 | Vaults:2 | names: o i am laffin
101766 | Vaults:2 | rude
102096 | Vaults:2 | names: deep trolls all look like they're wearing glasses or goggles or something to me
102298 | Vaults:2 | Leper: i think their skin is really pretty
102338 | Vaults:2 | Leper: like the night sky, which is weird considering they're 'deep'
102482 | Vaults:2 | thegroundistoosoft: maybe they actually paint themselves that color
102482 | Vaults:2 | names: yeah, aren't animals that live their whole lives in caves usually actually extremely pale
102538 | Vaults:2 | Leper: they paint themselves in a sticky resin and then attach decorations, including glow worms to aid their terrible vision
102544 | Vaults:2 | Leper: ~canon~
102899 | Vaults:2 | names: i kinda want iron trolls to give a different kind of TLA than regular trolls
102909 | Vaults:2 | names: heavier and with higher base AC
102985 | Vaults:1 | Leper: and you can combine them with iron dragon armour to create megairon armour. weakness is magnets.
102989 | Vaults:1 | thegroundistoosoft: wow
102989 | Vaults:1 | thegroundistoosoft: what the fuck is this
102989 | Vaults:1 | names: don't boulder beetles have a base damage of 40 or 50 or some shit
102989 | Vaults:1 | names: it's stupid high
102989 | Vaults:1 | thegroundistoosoft: no I mean that it rolled into the wall and attacked me
102989 | Vaults:1 | thegroundistoosoft: in the time it took me to walk there
102989 | Vaults:1 | names: energy randomization?
102989 | Vaults:1 | thegroundistoosoft: seems like a bit of a stretch
103487 | Vaults:2 | Leper: >not pizzatossing
103603 | Vaults:2 | thegroundistoosoft: but I'm almost out
103610 | Vaults:2 | thegroundistoosoft: oh nevermind
103872 | Vaults:2 | thegroundistoosoft: hahaha
103872 | Vaults:2 | thegroundistoosoft: okay that's a first
103966 | Vaults:2 | names: what?
103970 | Vaults:2 | thegroundistoosoft: the convoker summoned the captain that'd just gotten in sight from the right
103970 | Vaults:2 | thegroundistoosoft: and unblocked the way
104005 | Vaults:2 | names: beggars can't be choosers i guess
104381 | Vaults:2 | why fists
104381 | Vaults:2 | names: are you appreciating the purity of unarmed combat yet
104381 | Vaults:2 | Leper: the purity of pugilism
104384 | Vaults:2 | just in case
104394 | Vaults:2 | names: fucking boggarts
104394 | Vaults:2 | Leper: wow, nice scroll collection
104395 | Vaults:2 | thegroundistoosoft: goddamn
104396 | Vaults:2 | thegroundistoosoft: gee
105290 | Vaults:2 | Reached XP level 21. HP: 181/183 MP: 20/20
105370 | Vaults:2 | Reached skill level 22 in Unarmed Combat
106228 | Vaults:3 | Found a staircase to the Crypt.
106234 | Vaults:3 | thegroundistoosoft: I don't really know what to look for
106234 | Vaults:3 | thegroundistoosoft: aren't these the flames that heal undead?
106234 | Vaults:3 | thegroundistoosoft: or just spam spectrals?
107266 | Vaults:3 | names: revenants don't make spectral shit iirc
107269 | Vaults:3 | names: just spam ghost flames and ghost fireballs
107279 | Vaults:3 | thegroundistoosoft: nah the flames were totally summoning spectrals
107279 | Vaults:3 | thegroundistoosoft: I guess they don't directly though
107296 | Vaults:3 | names: really? i don't remember revenants doing that, just ghost crabs
107458 | Vaults:3 | names: then again the last couple minutes have been laggy as hell on my end so i didn't actually see you fight the thing
107458 | Vaults:3 | thegroundistoosoft: oh
107458 | Vaults:3 | thegroundistoosoft: well I guess xtahua is pretty laggy when you get away from it any noticeably
107572 | Vaults:3 | names: it hasn't been that bad for me except that one period just now
108008 | Vaults:4 | sucker
109143 | Vaults:4 | thegroundistoosoft: alright I'm pretty tired and the way I'm playing not even paying attention to bolt brands
109143 | Vaults:4 | thegroundistoosoft: ain't about to end well
109143 | Vaults:4 | thegroundistoosoft: sorry this didn't last a whole lot
109143 | Vaults:4 | thegroundistoosoft: later
109143 | Vaults:4 | names: later
109143 | Vaults:4 | Upgraded the game from 0.16-a0-2093-g8c923f7 to 0.16-a0-2296-gdce89d5
109148 | Vaults:4 | HP: 8/185 [yaktaur/ bolt[a yaktaur captain] (26)]
109148 | Vaults:4 | Shot with a bolt by a yaktaur

Vanquished Creatures
  Norris (Shoals:4)
  Xtahua (Vaults:2)
  2 tentacled monstrosities
  Vashnia (Snake:4)
  2 deep elf master archers (Elf:3)
  2 deep elf blademasters (Elf:3)
  Rupert (D:14)
  Agnes (Shoals:2)
  Frances (D:14)
  A revenant (Vaults:3)
  Ilsuiw (Shoals:4)
  2 fire giants
  8 vault wardens
  Donald (Shoals:4)
  8 greater nagas
  2 frost giants
  10 deep elf sorcerers
  Jorgrun (Snake:4)
  6 deep elf demonologists
  5 stone giants
  Azrael (D:15)
  8 deep elf annihilators
  6 vault guards
  2 merfolk javelineers (Shoals:5)
  6 merfolk impalers
  4 fire dragons
  7 deep elf death magi
  9 yaktaur captains
  A minotaur (Lab)
  2 deep elf high priests (Elf:3)
  2 great orbs of eyes
  11 ironheart preservers
  Fannar (Elf:1)
  Harold (Lair:2)
  A large abomination (Elf:3)
  6 centaur warriors
  16 naga warriors
  An ice dragon (Vaults:3)
  3 hydras
  12 anacondas
  2 alligator snapping turtles
  8 merfolk avatars
  A deep troll earth mage (Vaults:2)
  3 satyrs
  An anaconda (shapeshifter) (Elf:1)
  5 dancing weapons
  3 tengu warriors
  3 death yaks (Lair:8)
  9 ogre magi
  5 merfolk aquamancers (Shoals:5)
  12 shock serpents
  A deep troll shaman (Vaults:2)
  Urug (D:13)
  12 naga sharpshooters
  4 orc high priests
  Nergalle (Lair:5)
  6 salamander mystics
  A catoblepas (Lair:8)
  2 shadow wraiths
  7 deep elf knights
  3 unseen horrors
  A fire crab (Vaults:4)
  A skeletal warrior (Vaults:3)
  8 hill giants
  A deep troll (Vaults:2)
  22 sea snakes
  11 naga ritualists
  3 ice statues (IceCv)
  An obsidian statue (D:14)
  20 harpies
  10 ironbrand convokers
  15 salamanders
  21 deep elf summoners
  12 griffons
  A flayed ghost (Vaults:4)
  9 cyclopes
  A necromancer (Vaults:3)
  A wizard (Vaults:3)
  9 fauns
  15 orc knights
  13 mana vipers
  12 deep elf conjurers
  11 water nymphs
  2 guardian serpents
  7 orc sorcerers
  A spectral human (Vaults:3)
  3 wolf spiders
  A phantasmal warrior (Vaults:1)
  3 red wasps
  A sixfirhy (Elf:3)
  56 black mambas
  26 ugly things
  11 elephants
  8 manticores
  11 sirens
  11 vault sentinels
  A drowned soul (Shoals:1)
  15 spiny frogs
  26 naga magi
  2 gargoyles (D:11)
  A queen ant (Lair:4)
  A spiny frog (shapeshifter) (D:15)
  2 kobold demonologists (Vaults:1)
  A tormentor (Elf:3)
  42 yaktaurs
  6 fire drakes
  11 komodo dragons
  2 tengu conjurers
  A blue devil (Elf:3)
  15 deep elf priests
  A demonic crawler (Elf:3)
  A guardian mummy (D:10)
  An efreet (D:14)
  6 freezing wraiths
  33 merfolk
  3 wind drakes
  7 trolls
  13 two-headed ogres
  26 blink frogs
  8 polar bears (Lair:8)
  7 ravens
  11 snapping turtles
  A queen bee (Lair:3)
  31 slime creatures
  A jumping spider (shapeshifter) (Vaults:1)
  10 basilisks
  6 boulder beetles
  2 shadows
  39 yaks
  A trapdoor spider (Lair:8)
  2 human simulacra
  11 redbacks
  A tarantella (shapeshifter) (Vaults:3)
  A yak (shapeshifter) (Elf:3)
  A spriggan (Lair:5)
  10 water elementals
  3 fire elementals (D:15)
  25 deep elf magi
  2 wyverns
  A tarantella (Elf:1)
  28 deep elf fighters
  3 hungry ghosts
  Grum (D:13)
  A wraith (Vaults:3)
  12 hippogriffs
  16 vampire mosquitoes
  A soldier ant (shapeshifter) (Elf:1)
  29 wolves
  A neqoxec (Elf:3)
  7 wargs
  8 soldier ants
  40 water moccasins
  2 steam dragons (Lair:8)
  9 hell hounds
  76 nagas
  10 porcupines
  A small abomination (Elf:3)
  3 mottled dragons
  17 ice beasts
  An eye of draining (shapeshifter) (Vaults:4)
  4 yellow wasps
  27 ogres
  2 swamp drakes (Lair:8)
  5 boggarts (Vaults:1)
  An ettin simulacrum (Vaults:2)
  31 orc warriors
  22 centaurs
  A black bear (shapeshifter) (D:13)
  6 phantoms
  16 black bears
  An eye of draining (D:11)
  A boring beetle (Lair:7)
  2 necrophages
  21 crocodiles
  23 giant frogs
  The ghost of asdu the Ruffian, an average VSTm (D:4)
  9 big kobolds
  2 brain worms
  7 scorpions
  13 wights
  A troll skeleton (D:9)
  32 killer bees
  A yak skeleton (Orc:4)
  4 quasits
  2 electric eels (Lair:5)
  3 jellies
  10 crimson imps
  3 goliath beetles
  A giant frog zombie (D:12)
  A lava snake (D:10)
  2 centaur skeletons (D:9)
  A gnoll shaman (D:4)
  15 orange rats
  28 orc priests
  A giant frog skeleton (D:11)
  19 hounds
  41 orc wizards
  34 worker ants
  12 iguanas
  37 sheep
  A mottled dragon zombie (D:10)
  33 adders
  30 green rats
  2 orc zombies
  A scorpion zombie (D:8)
  5 shadow imps
  12 white imps (Lair:2)
  2 giant mites
  6 gnolls
  A worm (D:3)
  3 oozes (D:4)
  218 orcs
  26 bats
  A bat zombie (D:7)
  6 giant cockroaches
  28 goblins
  24 hobgoblins
  80 kobolds
  18 quokkas
  3 ball pythons
  8 giant geckos
  4 giant newts
  4 giant spores
  A hobgoblin zombie (D:7)
  30 jackals
  A kobold zombie (D:6)
  2 orc skeletons
  2 quokka zombies
  36 rats
  3 rat skeletons (Orc:4)
  57 ballistomycetes
  4 crawling corpses (Elf:3)
  6 fungi (Elf:3)
  12 plants
2356 creatures vanquished.

Vanquished Creatures (others)
  A vault warden (Vaults:4)
  A deep elf high priest (Elf:3)
  A deep elf knight (Vaults:2)
  An ugly thing (Vaults:2)
  46 drowned souls
  A naga mage (Snake:5)
  A water moccasin (Snake:1)
  2 ogres (Vaults:1)
  3 lost souls
  An orange rat (Elf:1)
  2 green rats (Lair:2)
  An orc (Vaults:2)
  11 giant spores
  A rat skeleton (Orc:4)
  A ballistomycete (D:14)
  12 fungi
  13 plants
99 creatures vanquished.

Grand Total: 2455 creatures vanquished
